Map: Tours du crépuscule

Players

Mostafi - Winner!

  • Race: Protoss Protoss
  • League: Silver
  • Spawn Location: 1:00

zidar

  • Race: Zerg Zerg
  • League: Silver
  • Spawn Location: 7:00

VOD

Have the link to the VOD?

Description

Time

  • Played on: Feb. 2, 2016, 2:42 p.m.
  • Length: 7:24
Show
View Real Time Build Order
Export as new Build Order

Mostafi Protoss - Winner!

Build Orders:  

Get SALT Encoding   

  12  0:01  Probe (Chrono Boost)  
  13  0:12  Probe (Chrono Boost)  
  14  0:20  Pylon  
  14  0:22  Probe (Chrono Boost)  
  15  0:38  Probe (Chrono Boost)  
  15  0:42  Gateway  
  16  0:49  Probe (Chrono Boost)  
  17  0:50  Assimilator  
  17  0:59  Probe (Chrono Boost)  
  18  1:09  Pylon  
  18  1:10  Probe (Chrono Boost)  
  19  1:22  Probe (Chrono Boost)  
  20  1:29  Cybernetics Core  
  20  1:36  Zealot  
  22  1:42  Probe (Chrono Boost)  
  23  1:53  Probe (Chrono Boost), Assimilator  
  24  2:14  Nexus  
  24  2:24  Adept  
  24  2:25  Warp Gate  
  24  2:27  Probe (Chrono Boost)  
  27  3:01  Forge  
  27  3:18  Mothership Core (Chrono Boost)  
  29  3:34  Gateway  
  29  3:35  Gateway  
  29  3:37  Gateway  
  29  3:41  Robotics Facility  
  29  3:45  Probe (Chrono Boost)  
  29  3:47  Probe (Chrono Boost)  
  31  3:56  Probe (Chrono Boost)  
  31  3:58  Probe (Chrono Boost)  
  31  4:00  Pylon  
  33  4:17  Probe (Chrono Boost)  
  33  4:20  Probe (Chrono Boost)  
  35  4:28  Protoss Ground Weapons Level 1  
  35  4:30  Probe (Chrono Boost)  
  36  4:37  Observer  
  37  4:39  Twilight Council  
  37  4:43  Zealot x4  
  45  4:59  Probe (Chrono Boost)  
  46  5:00  Probe (Chrono Boost)  
  46  5:03  Assimilator  
  47  5:09  Probe (Chrono Boost), Immortal  
  47  5:11  Probe (Chrono Boost)  
  53  5:24  Pylon  
  53  5:25  Pylon  
  53  5:26  Pylon  
  53  5:51  Zealot x4  
  61  6:01  Warp Prism  
  63  6:12  Pylon  
  63  6:14  Pylon x2  
  63  6:32  Zealot x4  
  71  7:00  Gateway  
  71  7:02  Gateway  
  71  7:03  Gateway  
  71  7:05  Gateway  
Show
View Real Time Build Order
Export as new Build Order

zidar Zerg 

Build Orders: Pool First 

Get SALT Encoding   

  12  0:02  Drone  
  13  0:12  Overlord  
  13  0:19  Drone  
  14  0:30  Drone x2  
  16  0:37  Drone  
  17  0:50  Spawning Pool, Drone  
  17  0:55  Extractor  
  17  1:21  Hatchery  
  16  1:34  Drone  
  16  1:36  Queen  
  16  1:37  Extractor  
  18  1:41  Overlord  
  18  1:43  Drone  
  19  1:56  Drone  
  20  2:05  Drone  
  21  2:13  Queen  
  22  2:43  Drone x4  
  26  2:52  Drone x2  
  28  2:59  Metabolic Boost  
  28  3:03  Extractor  
  27  3:06  Hatchery  
  26  3:13  Extractor  
  26  3:14  Extractor  
  24  3:23  Drone x6  
  30  3:45  Zergling x2  
  30  3:46  Zergling x4  
  33  3:51  Overlord  
  33  4:16  Roach Warren  
  32  4:20  Queen  
  34  4:35  Zergling x4  
  34  4:36  Zergling x6  
  39  4:44  Lair  
  39  4:51  Overlord  
  39  4:58  Drone x3  
  42  5:08  Pneumatized Carapace  
  42  5:12  Drone  
  43  5:29  Drone x6  
  49  5:47  Drone  
  50  5:52  Overlord  
  50  5:53  Overlord  
  50  5:55  Overlord  
  50  6:00  Hydralisk Den  
  50  6:03  Overlord x2  
  49  6:24  Evolution Chamber  
  47  6:27  Roach, Evolution Chamber  
  47  6:28  Roach x4  
  47  6:29  Zergling x2  
  47  6:32  Zergling x2  
  58  6:34  Zergling x2  
  58  6:38  Hydralisk  
  61  6:51  Hydralisk  
  61  6:52  Spine Crawler  
  62  6:55  Hydralisk  
Tags
 
Add a new tag
Caveats
  • Supply blocks, unpowered buildings, or Contaminate may cause inaccurate times.
  • Supply counts are checked every 10 seconds.